Rafales vs Saguenéens
Created - November 15, 2017 at 23:32
Goals
|
| Rafales |
0 |
1 |
0 |
1 |
| Saguenéens |
1 |
2 |
1 |
4 |
|
Shots
|
| Rafales |
6 |
5 |
14 |
25 |
| Saguenéens |
12 |
5 |
9 |
26 |
|
1st period
1. Saguenéens , Mason Raymond 12 (Teemu Pulkkinen 5) at 1:14
Penalties :
Marc-André Gragnani (Stf) for Hooking (Minor) at 17:17
2nd period
2. Rafales , Kevin Veilleux 1 (Cody McLeod 11, Matt Gilroy 6) at 10:22
3. Saguenéens , Rhett Rakhshani 5 (Juraj Mikus 12) at 11:35
4. Saguenéens , Zac Rinaldo 7 (Spencer Machacek 6, Brett Lebda 9) at 19:48
Penalties :
Jerry D'Amigo (Chi) for Roughing (Minor) at 1:31, Dylan McIlrath (Stf) for Hooking (Minor) at 11:53
3rd period
5. Saguenéens , Rhett Rakhshani 6 (Juraj Mikus 13, Kevin Marshall 15) at 6:26
Penalties :
James Marcou (Stf) for Roughing (Minor) at 16:26
Goalie Stats
John Gibson (Stf), 22 saves from 26 shots - (0.846), L, 7-3-4, 60:00 minutes
Martin Jones (Chi), 24 saves from 25 shots - (0.960), W, 2-0-0, 60:00 minutes
Players Stats for Rafales
Player Name G A P +/- PIM S H SB GA TA FO MP PP MP PK MP
------------------------------------------------------------------------------------
Akim Aliu 0 0 0 -2 0 0 2 0 0 0 0/0 14:24 0:00 0:00
Brian Ferlin 0 0 0 1 0 3 4 1 0 0 0/0 16:04 0:00 0:00
Brock Nelson 0 0 0 -2 0 2 1 1 1 0 0/0 16:32 1:00 1:04
Carl Klingberg 0 0 0 0 0 5 1 0 0 0 0/0 13:16 0:00 0:25
Cedric Paquette 0 0 0 -2 0 0 3 0 0 0 0/4 9:20 0:00 0:21
Cody McLeod 0 1 1 1 0 2 1 0 1 0 1/2 19:28 0:59 2:23
Dylan McIlrath 0 0 0 0 2 1 4 0 0 0 0/0 24:39 0:47 1:48
James Marcou 0 0 0 -2 2 0 0 0 0 0 0/0 8:39 0:00 0:00
Jarret Stoll 0 0 0 -2 0 1 0 1 2 0 5/7 18:43 1:00 3:09
Julian Melchiori 0 0 0 -2 0 1 3 0 0 0 0/0 19:19 1:12 0:00
Kevin Veilleux 1 0 1 1 0 2 0 0 0 1 16/28 20:18 0:59 3:09
Marc-André Gragnani 0 0 0 -2 2 0 1 0 0 1 0/0 20:51 1:12 1:51
Mark Fayne 0 0 0 -1 0 0 0 1 0 0 0/0 15:21 0:00 3:11
Matt Gilroy 0 1 1 0 0 3 0 3 0 2 0/0 25:37 0:47 3:11
Michael Bournival 0 0 0 -2 0 0 1 0 0 1 0/1 11:02 1:00 1:23
Nathan Davis 0 0 0 0 0 2 2 0 1 0 1/6 13:24 0:59 0:00
Nicklas Jensen 0 0 0 0 0 2 1 0 0 0 0/0 12:44 0:00 0:00
Slater Koekkoek 0 0 0 -1 0 1 1 1 0 0 0/0 14:19 0:00 1:53
Players Stats for Saguenéens
Player Name G A P +/- PIM S H SB GA TA FO MP PP MP PK MP
------------------------------------------------------------------------------------
Brett Lebda 0 1 1 0 0 3 2 2 0 0 0/0 27:25 3:57 1:06
Brody Sutter 0 0 0 0 0 0 0 0 0 0 0/0 0:13 0:00 0:00
Carl Hagelin 0 0 0 2 0 4 2 1 1 0 1/2 18:51 2:53 0:00
Craig Cunningham 0 0 0 0 0 1 2 0 0 0 1/1 14:19 0:00 0:30
Henrik Samuelsson 0 0 0 0 0 1 0 0 0 0 1/2 7:10 0:00 0:00
Jake McCabe 0 0 0 3 0 0 2 2 0 0 0/0 23:31 2:00 0:53
Jerry D'Amigo 0 0 0 0 2 0 1 0 0 0 0/0 13:55 0:00 0:00
Juraj Mikus 0 2 2 2 0 1 2 0 0 0 9/17 19:26 2:53 0:35
Kevin Marshall 0 1 1 0 0 2 4 5 0 1 0/0 29:28 3:57 1:06
Luke Witkowski 0 0 0 3 0 1 2 2 0 1 0/0 24:08 2:00 0:53
Mason Raymond 1 0 1 1 0 2 3 0 1 0 2/2 24:33 2:56 1:03
Mikhail Grigorenko 0 0 0 0 0 0 1 0 0 0 0/0 3:39 0:08 0:03
Patrick Sieloff 0 0 0 0 0 0 2 0 0 1 0/0 13:04 0:00 0:00
Rhett Rakhshani 2 0 2 2 0 3 2 0 1 0 0/0 18:51 2:53 0:00
Spencer Machacek 0 1 1 1 0 1 5 0 2 0 0/1 18:39 3:04 0:35
Tanner Richard 0 0 0 0 0 2 2 0 0 0 1/3 14:15 0:00 0:00
Teemu Pulkkinen 0 1 1 0 0 0 0 0 0 0 0/0 7:28 0:00 0:18
Zac Rinaldo 1 0 1 1 0 5 1 1 0 2 10/20 19:05 3:04 0:54
3 Stars
1 - Rhett Rakhshani (Chi)
2 - Juraj Mikus (Chi)
3 - Mason Raymond (Chi)
Power Play
Rafales - 0 on 1 Attempt(s) - 0.00%
Saguenéens - 0 on 3 Attempt(s) - 0.00%
Penalty Kill
Rafales - 3 on 3 Attempt(s) - 100.00%
- Score 0 goal in Penalty Kill
Saguenéens - 1 on 1 Attempt(s) - 100.00%
- Score 0 goal in Penalty Kill
Team Stat
Rafales - Hits : 25 - Faceoff Wins : 23 - Blocked Shots : 8 - Penalty Minutes : 6
Saguenéens - Hits : 33 - Faceoff Wins : 25 - Blocked Shots : 13 - Penalty Minutes : 2
Official
Referees : Walsh Ian and O'Rourke Dan
Linesman : Greg Devorski and Vaughan Rody
Game Notes
No Game Note
Finance
Level 1 -- Attendance: 1561 (78.05%) -- Ticket Income $62,440
Level 2 -- Attendance: 725 (72.50%) -- Ticket Income $14,500
Total Attendance: 2286 (76.20%)
Total Ticket Income: $76,940
Other Income: $3,847
Total Income: $80,787
Rafales
5 vs 5 Forward
Center Left Wing Right Wing Time % Phy DF OF
1 Kevin Veilleux Cody McLeod Brian Ferlin 40 0 1 4
2 Jarret Stoll Brock Nelson Akim Aliu 30 0 1 4
3 Nathan Davis Carl Klingberg Nicklas Jensen 20 0 3 2
4 Cedric Paquette Michael Bournival James Marcou 10 0 2 3
5 vs 5 Defense
Defense Defense Time % Phy DF OF
1 Matt Gilroy Dylan McIlrath 40 0 4 1
2 Julian Melchiori Marc-André Gragnani 30 0 4 1
3 Mark Fayne Slater Koekkoek 20 0 4 1
4 Matt Gilroy Dylan McIlrath 10 0 4 1
PowerPlay Forward
Center Left Wing Right Wing Time % Phy DF OF
1 Kevin Veilleux Cody McLeod Nathan Davis 60 0 0 5
2 Jarret Stoll Brock Nelson Michael Bournival 40 0 0 5
PowerPlay Defense
Defense Defense Time % Phy DF OF
1 Matt Gilroy Dylan McIlrath 60 0 2 3
2 Julian Melchiori Marc-André Gragnani 40 0 2 3
Penalty Kill 4 Players Forward
Center Wing Time % Phy DF OF
1 Kevin Veilleux Jarret Stoll 60 0 3 2
2 Cody McLeod Brock Nelson 40 0 3 2
Penalty Kill 4 Players Defense
Defense Defense Time % Phy DF OF
1 Matt Gilroy Mark Fayne 60 0 5 0
2 Dylan McIlrath Marc-André Gragnani 40 0 5 0
Penalty Kill - 3 Players Forward
Forward Time % Phy DF OF
1 Kevin Veilleux 60 0 4 1
2 Jarret Stoll 40 0 4 1
Penalty Kill - 3 Players Defense
Defense Defense Time % Phy DF OF
1 Matt Gilroy Mark Fayne 60 0 5 0
2 Slater Koekkoek Marc-André Gragnani 40 0 5 0
4 vs 4 Forward
Center Wing Time % Phy DF OF
1 Kevin Veilleux Jarret Stoll 60 0 2 3
2 Cody McLeod Brock Nelson 40 0 3 1
4 vs 4 Defense
Defense Defense Time % Phy DF OF
1 Matt Gilroy Dylan McIlrath 60 0 3 2
2 Mark Fayne Marc-André Gragnani 40 0 4 1
Last Minutes Offensive
Center Left Wing Right Wing Defense Defense
Kevin Veilleux Cody McLeod Akim Aliu Matt Gilroy Dylan McIlrath
Last Minutes Defensive
Center Left Wing Right Wing Defense Defense
Kevin Veilleux Cody McLeod James Marcou Slater Koekkoek Mark Fayne
Goaltenders
Starting : John Gibson
Backup : Philipp Grubauer
Extra Forwards
Normal : Cody McLeod, Kevin Veilleux, Brock Nelson - PP : Cody McLeod, Kevin Veilleux - PK : Michael Bournival
Extra Defensemen
Normal : Matt Gilroy, Dylan McIlrath, Slater Koekkoek - PP : Matt Gilroy - PK : Marc-André Gragnani, Mark Fayne
Penalty Shots
Kevin Veilleux, Jarret Stoll, Cody McLeod, Brock Nelson, James Marcou
Scratches
Ben Sexton (Healthy), Ryan Bourque (Healthy), Ben Johnson (Healthy), Jayson Megna (Healthy), Brad Ross (Healthy)
Connor Murphy (Healthy), Mike Zigomanis (Right Forearm Injury), Petr Kalus (Healthy), Ben Thomson (Healthy), David Broll (Healthy)
Stefan Chaput (Healthy), Dennis Persson (Healthy), Chris Terry (Healthy), Maksim Mayorov (Healthy), Chris Driedger (Healthy)
Leland Irving (Healthy)
Saguenéens
5 vs 5 Forward
Center Left Wing Right Wing Time % Phy DF OF
1 Zac Rinaldo Mason Raymond Spencer Machacek 40 1 2 2
2 Juraj Mikus Carl Hagelin Rhett Rakhshani 30 1 2 2
3 Tanner Richard Craig Cunningham Jerry D'Amigo 20 1 2 2
4 Henrik Samuelsson Teemu Pulkkinen Mason Raymond 10 1 2 2
5 vs 5 Defense
Defense Defense Time % Phy DF OF
1 Kevin Marshall Brett Lebda 40 1 2 2
2 Luke Witkowski Jake McCabe 30 1 2 2
3 Patrick Sieloff Kevin Marshall 20 1 2 2
4 Brett Lebda Luke Witkowski 10 1 2 2
PowerPlay Forward
Center Left Wing Right Wing Time % Phy DF OF
1 Zac Rinaldo Mason Raymond Spencer Machacek 60 1 2 2
2 Juraj Mikus Carl Hagelin Rhett Rakhshani 40 1 2 2
PowerPlay Defense
Defense Defense Time % Phy DF OF
1 Kevin Marshall Brett Lebda 60 1 2 2
2 Luke Witkowski Jake McCabe 40 1 2 2
Penalty Kill 4 Players Forward
Center Wing Time % Phy DF OF
1 Mason Raymond Zac Rinaldo 60 1 2 2
2 Spencer Machacek Juraj Mikus 40 1 2 2
Penalty Kill 4 Players Defense
Defense Defense Time % Phy DF OF
1 Kevin Marshall Brett Lebda 60 1 2 2
2 Luke Witkowski Jake McCabe 40 1 2 2
Penalty Kill - 3 Players Forward
Forward Time % Phy DF OF
1 Mason Raymond 60 1 2 2
2 Zac Rinaldo 40 1 2 2
Penalty Kill - 3 Players Defense
Defense Defense Time % Phy DF OF
1 Kevin Marshall Brett Lebda 60 1 2 2
2 Luke Witkowski Jake McCabe 40 1 2 2
4 vs 4 Forward
Center Wing Time % Phy DF OF
1 Mason Raymond Zac Rinaldo 60 1 2 2
2 Spencer Machacek Juraj Mikus 40 1 2 2
4 vs 4 Defense
Defense Defense Time % Phy DF OF
1 Kevin Marshall Brett Lebda 60 1 2 2
2 Luke Witkowski Jake McCabe 40 1 2 2
Last Minutes Offensive
Center Left Wing Right Wing Defense Defense
Zac Rinaldo Mason Raymond Spencer Machacek Kevin Marshall Brett Lebda
Last Minutes Defensive
Center Left Wing Right Wing Defense Defense
Zac Rinaldo Mason Raymond Spencer Machacek Kevin Marshall Brett Lebda
Goaltenders
Starting : Martin Jones
Backup : Mike Smith
Extra Forwards
Normal : Mikhail Grigorenko, Brody Sutter, Craig Cunningham - PP : Mikhail Grigorenko, Brody Sutter - PK : Craig Cunningham
Extra Defensemen
Normal : Patrick Sieloff, Jake McCabe, Kevin Marshall - PP : Patrick Sieloff - PK : Jake McCabe, Kevin Marshall
Penalty Shots
Mason Raymond, Zac Rinaldo, Spencer Machacek, Juraj Mikus, Carl Hagelin
Scratches
Nick Mattson (Suspend), Carson Mcmillan (Strained Left Knee Injury), Garret Sparks (Healthy)
% Time on Ice - Rafales
Lines # - Real PCT - Wanted PCT - Time Play
Normal Forward
1 - 31% - 40% - 16:19
2 - 28% - 30% - 14:28
3 - 24% - 20% - 12:44
4 - 16% - 10% - 8:33
Normal Defense
1 - 38% - 40% - 19:58
2 - 35% - 30% - 18:22
3 - 23% - 20% - 11:48
4 - 4% - 10% - 1:56
PP Forward
1 - 50% - 60% - 0:59
2 - 50% - 40% - 1:00
PP Defense
1 - 39% - 60% - 0:47
2 - 61% - 40% - 1:12
PK Forward
1 - 82% - 60% - 4:53
2 - 18% - 40% - 1:04
PK Defense
1 - 54% - 60% - 3:11
2 - 46% - 40% - 2:46
PK3 Forward
1 - 0% - 60%
2 - 0% - 40%
PK3 Defense
1 - 0% - 60%
2 - 0% - 40%
44 Forward
1 - 0% - 60%
2 - 0% - 40%
44 Defense
1 - 0% - 60%
2 - 0% - 40%
Last Minute Offensive - 0:00
Last Minute Defensive - 0:00
Total
Forward - 60:00
Defense - 60:00
|
% Time on Ice - Saguenéens
Lines # - Real PCT - Wanted PCT - Time Play
Normal Forward
1 - 29% - 40% - 15:07
2 - 31% - 30% - 15:58
3 - 27% - 20% - 13:49
4 - 14% - 10% - 7:10
Normal Defense
1 - 33% - 40% - 17:02
2 - 35% - 30% - 18:07
3 - 23% - 20% - 11:51
4 - 10% - 10% - 5:04
PP Forward
1 - 52% - 60% - 3:04
2 - 48% - 40% - 2:53
PP Defense
1 - 66% - 60% - 3:57
2 - 34% - 40% - 2:00
PK Forward
1 - 71% - 60% - 1:24
2 - 29% - 40% - 0:35
PK Defense
1 - 55% - 60% - 1:06
2 - 45% - 40% - 0:53
PK3 Forward
1 - 0% - 60%
2 - 0% - 40%
PK3 Defense
1 - 0% - 60%
2 - 0% - 40%
44 Forward
1 - 0% - 60%
2 - 0% - 40%
44 Defense
1 - 0% - 60%
2 - 0% - 40%
Last Minute Offensive - 0:00
Last Minute Defensive - 0:00
Total
Forward - 60:00
Defense - 60:00
|
Play by Play
1st period
0:01 of 1st period - Kevin Veilleux wins face-off versus Zac Rinaldo in neutral zone.
0:14 of 1st period - Wrist shot by Cody McLeod.
0:14 of 1st period - Stopped by Martin Jones with a rebound.
0:16 of 1st period - Snap shot by Matt Gilroy.
0:16 of 1st period - Shot Misses the Net.
0:26 of 1st period - Brett Lebda is hit by Brock Nelson and loses puck.
0:31 of 1st period - Snap shot by Brock Nelson.
0:31 of 1st period - Shot Misses the Net.
0:37 of 1st period - Marc-André Gragnani is hit by Kevin Marshall and loses puck.
1:14 of 1st period - Snap shot by Mason Raymond.
1:14 of 1st period - Goal by Mason Raymond - Rafales : 0 - Saguenéens : 1.
1:15 of 1st period - Kevin Veilleux wins face-off versus Zac Rinaldo in neutral zone.
1:26 of 1st period - Wrist shot by Cody McLeod.
1:26 of 1st period - Shot Blocked by Zac Rinaldo.
1:44 of 1st period - Backhand shot by Mason Raymond.
1:44 of 1st period - Shot Misses the Net.
1:46 of 1st period - Slapshot by Patrick Sieloff.
1:46 of 1st period - Shot Blocked by Jarret Stoll.
1:56 of 1st period - Wrist shot by Carl Hagelin.
1:56 of 1st period - Shot Blocked by Matt Gilroy.
2:12 of 1st period - Slapshot by Brett Lebda.
2:12 of 1st period - Stopped by John Gibson without a rebound.
2:13 of 1st period - Kevin Veilleux wins face-off versus Tanner Richard in Rafales zone.
2:55 of 1st period - Snap shot by Tanner Richard.
2:55 of 1st period - Shot Misses the Net.
3:01 of 1st period - Wrist shot by Craig Cunningham.
3:01 of 1st period - Stopped by John Gibson with a rebound.
3:03 of 1st period - Snap shot by Tanner Richard.
3:03 of 1st period - Shot Misses the Net.
3:05 of 1st period - Slapshot by Luke Witkowski.
3:05 of 1st period - Deflect By Tanner Richard.
3:05 of 1st period - Shot Misses the Net.
3:05 of 1st period - Puck is out of play.
3:06 of 1st period - Mason Raymond wins face-off versus Nathan Davis in Rafales zone.
3:11 of 1st period - Snap shot by Mason Raymond.
3:11 of 1st period - Shot Misses the Net.
3:13 of 1st period - Slapshot by Brett Lebda.
3:13 of 1st period - Stopped by John Gibson with a rebound.
3:17 of 1st period - Backhand shot by Spencer Machacek.
3:17 of 1st period - Stopped by John Gibson with a rebound.
3:19 of 1st period - Slapshot by Kevin Marshall.
3:19 of 1st period - Shot Blocked by Matt Gilroy.
3:21 of 1st period - Wrist shot by Zac Rinaldo.
3:21 of 1st period - Deflect By Mason Raymond.
3:21 of 1st period - Shot Misses the Net.
3:21 of 1st period - Puck is out of play.
3:22 of 1st period - Carl Hagelin wins face-off versus Cedric Paquette in Rafales zone.
3:23 of 1st period - Snap shot by Juraj Mikus.
3:23 of 1st period - Shot Misses the Net.
3:33 of 1st period - Snap shot by Carl Hagelin.
3:33 of 1st period - Stopped by John Gibson with a rebound.
3:35 of 1st period - Backhand shot by Kevin Marshall.
3:35 of 1st period - Shot Blocked by Matt Gilroy.
3:47 of 1st period - Kevin Marshall is hit by Dylan McIlrath and loses puck.
4:18 of 1st period - Wrist shot by Carl Klingberg.
4:18 of 1st period - Shot Blocked by Kevin Marshall.
4:54 of 1st period - Wrist shot by Carl Hagelin.
4:54 of 1st period - Shot Misses the Net.
4:56 of 1st period - Slapshot by Kevin Marshall.
4:56 of 1st period - Shot Blocked by Mark Fayne.
4:58 of 1st period - Slapshot by Kevin Marshall.
4:58 of 1st period - Stopped by John Gibson with a rebound.
5:00 of 1st period - Wrist shot by Kevin Marshall.
5:00 of 1st period - Stopped by John Gibson without a rebound.
5:01 of 1st period - Jarret Stoll wins face-off versus Zac Rinaldo in Rafales zone.
5:49 of 1st period - Jake McCabe is hit by Carl Klingberg and loses puck.
6:12 of 1st period - Slapshot by Mason Raymond.
6:12 of 1st period - Shot Misses the Net.
7:02 of 1st period - Brett Lebda is hit by Nathan Davis and loses puck.
7:08 of 1st period - Icing by Kevin Marshall.
7:09 of 1st period - Craig Cunningham wins face-off versus Jarret Stoll in Saguenéens zone.
7:20 of 1st period - Brock Nelson is hit by Craig Cunningham and loses puck.
7:39 of 1st period - Snap shot by Cody McLeod.
7:39 of 1st period - Shot Misses the Net.
7:47 of 1st period - Snap shot by Brian Ferlin.
7:47 of 1st period - Stopped by Martin Jones without a rebound.
7:48 of 1st period - Zac Rinaldo wins face-off versus Nathan Davis in Saguenéens zone.
8:17 of 1st period - Slapshot by Nathan Davis.
8:17 of 1st period - Deflect By Cody McLeod.
8:17 of 1st period - Shot Misses the Net.
8:17 of 1st period - Puck is out of play.
8:18 of 1st period - Juraj Mikus wins face-off versus Kevin Veilleux in Saguenéens zone.
8:23 of 1st period - Snap shot by Carl Hagelin.
8:23 of 1st period - Shot Misses the Net.
8:53 of 1st period - Snap shot by Spencer Machacek.
8:53 of 1st period - Shot Misses the Net.
9:24 of 1st period - Icing by Matt Gilroy.
9:25 of 1st period - Juraj Mikus wins face-off versus Cedric Paquette in Rafales zone.
10:15 of 1st period - Snap shot by Brock Nelson.
10:15 of 1st period - Shot Misses the Net.
12:08 of 1st period - Matt Gilroy is hit by Juraj Mikus and loses puck.
12:22 of 1st period - Jake McCabe is hit by Dylan McIlrath.
12:34 of 1st period - Slapshot by Cody McLeod.
12:34 of 1st period - Deflect By Jake McCabe.
12:34 of 1st period - Shot Misses the Net.
12:34 of 1st period - Puck is out of play.
12:35 of 1st period - Kevin Veilleux wins face-off versus Tanner Richard in Saguenéens zone.
12:38 of 1st period - Snap shot by Cody McLeod.
12:38 of 1st period - Shot Misses the Net.
12:40 of 1st period - Snap shot by Brian Ferlin.
12:40 of 1st period - Stopped by Martin Jones without a rebound.
12:41 of 1st period - Juraj Mikus wins face-off versus Kevin Veilleux in Saguenéens zone.
12:54 of 1st period - Snap shot by Carl Hagelin.
12:54 of 1st period - Shot Blocked by Slater Koekkoek.
12:56 of 1st period - Wrist shot by Carl Hagelin.
12:56 of 1st period - Stopped by John Gibson with a rebound.
13:32 of 1st period - Icing by Carl Klingberg.
13:33 of 1st period - Juraj Mikus wins face-off versus Nathan Davis in Rafales zone.
13:34 of 1st period - Snap shot by Rhett Rakhshani.
13:34 of 1st period - Deflect By Nathan Davis.
13:34 of 1st period - Stopped by John Gibson without a rebound.
13:35 of 1st period - Kevin Veilleux wins face-off versus Juraj Mikus in Rafales zone.
14:11 of 1st period - Snap shot by Spencer Machacek.
14:11 of 1st period - Deflect By Zac Rinaldo.
14:11 of 1st period - Stopped by John Gibson without a rebound.
14:12 of 1st period - Zac Rinaldo wins face-off versus Cody McLeod in Rafales zone.
14:42 of 1st period - Nathan Davis is hit by Rhett Rakhshani and loses puck.
15:04 of 1st period - Slapshot by Mason Raymond.
15:04 of 1st period - Shot Misses the Net.
15:10 of 1st period - Slapshot by Matt Gilroy.
15:10 of 1st period - Stopped by Martin Jones with a rebound.
15:12 of 1st period - Slapshot by Matt Gilroy.
15:12 of 1st period - Stopped by Martin Jones with a rebound.
15:48 of 1st period - Snap shot by Zac Rinaldo.
15:48 of 1st period - Stopped by John Gibson with a rebound.
15:55 of 1st period - Icing by Dylan McIlrath.
15:56 of 1st period - Kevin Veilleux wins face-off versus Carl Hagelin in Rafales zone.
16:09 of 1st period - Wrist shot by Brock Nelson.
16:09 of 1st period - Stopped by Martin Jones with a rebound.
16:11 of 1st period - Slapshot by Dylan McIlrath.
16:11 of 1st period - Shot Blocked by Kevin Marshall.
16:30 of 1st period - Wrist shot by Brian Ferlin.
16:30 of 1st period - Shot Blocked by Kevin Marshall.
16:40 of 1st period - Carl Klingberg is hit by Tanner Richard and loses puck.
17:17 of 1st period - Minor Penalty to Marc-André Gragnani for Hooking.
17:18 of 1st period - Kevin Veilleux wins face-off versus Zac Rinaldo in Rafales zone.
17:27 of 1st period - Kevin Veilleux is hit by Mason Raymond and loses puck.
17:44 of 1st period - Kevin Veilleux is hit by Carl Hagelin.
18:20 of 1st period - Off-side.
18:21 of 1st period - Zac Rinaldo wins face-off versus Michael Bournival in neutral zone.
19:17 of 1st period - Penalty to Marc-André Gragnani is over, Marc-André Gragnani is back on ice.
19:59 of 1st period - Snap shot by Michael Bournival.
19:59 of 1st period - Shot Blocked by Jake McCabe.
Goals for this period are 0 for Rafales vs 1 for Saguenéens.
Shots for this period are 6 for Rafales vs 12 for Saguenéens.
2nd period
0:01 of 2nd period - Kevin Veilleux wins face-off versus Zac Rinaldo in neutral zone.
0:04 of 2nd period - Zac Rinaldo is hit by Brian Ferlin and loses puck.
0:34 of 2nd period - Slapshot by Luke Witkowski.
0:34 of 2nd period - Shot Blocked by Brock Nelson.
1:14 of 2nd period - Michael Bournival is hit by Tanner Richard and loses puck.
1:21 of 2nd period - Snap shot by Tanner Richard.
1:21 of 2nd period - Stopped by John Gibson with a rebound.
1:31 of 2nd period - Minor Penalty to Jerry D'Amigo for Roughing.
1:32 of 2nd period - Mason Raymond wins face-off versus Kevin Veilleux in Saguenéens zone.
2:01 of 2nd period - Kevin Marshall is hit by Julian Melchiori and loses puck.
3:28 of 2nd period - Brock Nelson is hit by Brett Lebda and loses puck.
3:31 of 2nd period - Penalty to Jerry D'Amigo is over, Jerry D'Amigo is back on ice.
4:04 of 2nd period - Icing by Kevin Veilleux.
4:05 of 2nd period - Kevin Veilleux wins face-off versus Juraj Mikus in Rafales zone.
4:46 of 2nd period - Mason Raymond is hit by Julian Melchiori and loses puck.
4:59 of 2nd period - Slater Koekkoek is hit by Luke Witkowski and loses puck.
5:48 of 2nd period - Kevin Veilleux is hit by Spencer Machacek and loses puck.
6:31 of 2nd period - Snap shot by Carl Klingberg.
6:31 of 2nd period - Stopped by Martin Jones without a rebound.
6:32 of 2nd period - Tanner Richard wins face-off versus Cedric Paquette in Saguenéens zone.
6:32 of 2nd period - Tanner Richard is hit by Cedric Paquette.
7:19 of 2nd period - Rhett Rakhshani is hit by Slater Koekkoek and loses puck.
7:24 of 2nd period - Wrist shot by Cody McLeod.
7:24 of 2nd period - Stopped by Martin Jones without a rebound.
7:25 of 2nd period - Zac Rinaldo wins face-off versus Kevin Veilleux in Saguenéens zone.
7:52 of 2nd period - Brock Nelson is hit by Kevin Marshall and loses puck.
8:03 of 2nd period - Brock Nelson is hit by Rhett Rakhshani and loses puck.
8:16 of 2nd period - Nathan Davis is hit by Mason Raymond and loses puck.
8:35 of 2nd period - Michael Bournival is hit by Spencer Machacek and loses puck.
8:57 of 2nd period - Slapshot by Rhett Rakhshani.
8:57 of 2nd period - Shot Misses the Net.
9:46 of 2nd period - Snap shot by Michael Bournival.
9:46 of 2nd period - Shot Misses the Net.
10:02 of 2nd period - Slapshot by Cody McLeod.
10:02 of 2nd period - Shot Misses the Net.
10:04 of 2nd period - Slapshot by Brian Ferlin.
10:04 of 2nd period - Shot Misses the Net.
10:06 of 2nd period - Wrist shot by Kevin Veilleux.
10:06 of 2nd period - Stopped by Martin Jones without a rebound.
10:07 of 2nd period - Kevin Veilleux wins face-off versus Henrik Samuelsson in Saguenéens zone.
10:14 of 2nd period - Snap shot by Kevin Veilleux.
10:14 of 2nd period - Shot Blocked by Kevin Marshall.
10:16 of 2nd period - Slapshot by Matt Gilroy.
10:16 of 2nd period - Shot Misses the Net.
10:20 of 2nd period - Slapshot by Cody McLeod.
10:20 of 2nd period - Shot Misses the Net.
10:22 of 2nd period - Backhand shot by Kevin Veilleux.
10:22 of 2nd period - Goal by Kevin Veilleux - Rafales : 1 - Saguenéens : 1.
10:23 of 2nd period - Juraj Mikus wins face-off versus Kevin Veilleux in neutral zone.
10:30 of 2nd period - Kevin Marshall is hit by Dylan McIlrath and loses puck.
10:58 of 2nd period - Snap shot by Zac Rinaldo.
10:58 of 2nd period - Shot Misses the Net.
11:14 of 2nd period - Snap shot by Tanner Richard.
11:14 of 2nd period - Stopped by John Gibson with a rebound.
11:30 of 2nd period - Marc-André Gragnani is hit by Luke Witkowski and loses puck.
11:35 of 2nd period - Wrist shot by Rhett Rakhshani.
11:35 of 2nd period - Goal by Rhett Rakhshani - Rafales : 1 - Saguenéens : 2.
11:36 of 2nd period - Zac Rinaldo wins face-off versus Kevin Veilleux in neutral zone.
11:42 of 2nd period - Off-side.
11:43 of 2nd period - Kevin Veilleux wins face-off versus Zac Rinaldo in neutral zone.
11:53 of 2nd period - Minor Penalty to Dylan McIlrath for Hooking.
11:54 of 2nd period - Zac Rinaldo wins face-off versus Kevin Veilleux in Rafales zone.
13:38 of 2nd period - Marc-André Gragnani is hit by Mason Raymond and loses puck.
13:53 of 2nd period - Penalty to Dylan McIlrath is over, Dylan McIlrath is back on ice.
13:53 of 2nd period - Slater Koekkoek is hit by Brett Lebda and loses puck.
14:42 of 2nd period - Julian Melchiori is hit by Mikhail Grigorenko and loses puck.
15:01 of 2nd period - Mason Raymond is hit by Nathan Davis and loses puck.
15:15 of 2nd period - Icing by Zac Rinaldo.
15:16 of 2nd period - Juraj Mikus wins face-off versus Cedric Paquette in Saguenéens zone.
15:21 of 2nd period - Snap shot by Michael Bournival.
15:21 of 2nd period - Shot Misses the Net.
15:23 of 2nd period - Slapshot by Mark Fayne.
15:23 of 2nd period - Shot Misses the Net.
15:25 of 2nd period - Slapshot by Dylan McIlrath.
15:25 of 2nd period - Stopped by Martin Jones without a rebound.
15:26 of 2nd period - Jarret Stoll wins face-off versus Juraj Mikus in Saguenéens zone.
15:41 of 2nd period - Jarret Stoll is hit by Kevin Marshall and loses puck.
15:59 of 2nd period - Snap shot by Zac Rinaldo.
15:59 of 2nd period - Stopped by John Gibson with a rebound.
17:52 of 2nd period - Brett Lebda is hit by Cedric Paquette and loses puck.
18:43 of 2nd period - Jake McCabe is hit by Cedric Paquette and loses puck.
18:56 of 2nd period - Cedric Paquette is hit by Patrick Sieloff and loses puck.
19:08 of 2nd period - Icing by Matt Gilroy.
19:09 of 2nd period - Zac Rinaldo wins face-off versus Jarret Stoll in Rafales zone.
19:16 of 2nd period - Snap shot by Jarret Stoll.
19:16 of 2nd period - Shot Misses the Net.
19:18 of 2nd period - Slapshot by Matt Gilroy.
19:18 of 2nd period - Deflect By Brock Nelson.
19:18 of 2nd period - Shot Misses the Net.
19:18 of 2nd period - Puck is out of play.
19:19 of 2nd period - Kevin Veilleux wins face-off versus Juraj Mikus in Saguenéens zone.
19:48 of 2nd period - Slapshot by Zac Rinaldo.
19:48 of 2nd period - Goal by Zac Rinaldo - Rafales : 1 - Saguenéens : 3.
19:49 of 2nd period - Kevin Veilleux wins face-off versus Zac Rinaldo in neutral zone.
Goals for this period are 1 for Rafales vs 2 for Saguenéens.
Shots for this period are 5 for Rafales vs 5 for Saguenéens.
3rd period
0:01 of 3rd period - Kevin Veilleux wins face-off versus Zac Rinaldo in neutral zone.
0:04 of 3rd period - Snap shot by Brian Ferlin.
0:04 of 3rd period - Stopped by Martin Jones with a rebound.
0:06 of 3rd period - Wrist shot by Matt Gilroy.
0:06 of 3rd period - Shot Misses the Net.
0:08 of 3rd period - Wrist shot by Brian Ferlin.
0:08 of 3rd period - Shot Misses the Net.
1:19 of 3rd period - Mason Raymond is hit by Marc-André Gragnani and loses puck.
3:02 of 3rd period - Dylan McIlrath is hit by Spencer Machacek and loses puck.
3:27 of 3rd period - Dylan McIlrath is hit by Jake McCabe and loses puck.
3:42 of 3rd period - Brian Ferlin is hit by Juraj Mikus and loses puck.
4:08 of 3rd period - Slapshot by Julian Melchiori.
4:08 of 3rd period - Stopped by Martin Jones with a rebound.
4:32 of 3rd period - Mason Raymond is hit by Nicklas Jensen and loses puck.
4:50 of 3rd period - Carl Klingberg is hit by Carl Hagelin and loses puck.
5:06 of 3rd period - Teemu Pulkkinen is hit by Brian Ferlin and loses puck.
5:11 of 3rd period - Snap shot by Cody McLeod.
5:11 of 3rd period - Shot Misses the Net.
5:32 of 3rd period - Zac Rinaldo is hit by Akim Aliu and loses puck.
5:51 of 3rd period - Icing by Spencer Machacek.
5:52 of 3rd period - Zac Rinaldo wins face-off versus Kevin Veilleux in Saguenéens zone.
5:57 of 3rd period - Brian Ferlin is hit by Spencer Machacek and loses puck.
6:10 of 3rd period - Snap shot by Zac Rinaldo.
6:10 of 3rd period - Deflect By Spencer Machacek.
6:10 of 3rd period - Shot Blocked by Brian Ferlin.
6:10 of 3rd period - Puck is out of play.
6:11 of 3rd period - Jarret Stoll wins face-off versus Juraj Mikus in Rafales zone.
6:24 of 3rd period - Backhand shot by Juraj Mikus.
6:24 of 3rd period - Shot Hit the Post.
6:26 of 3rd period - Snap shot by Rhett Rakhshani.
6:26 of 3rd period - Goal by Rhett Rakhshani - Rafales : 1 - Saguenéens : 4.
6:27 of 3rd period - Kevin Veilleux wins face-off versus Juraj Mikus in neutral zone.
6:58 of 3rd period - Jarret Stoll is hit by Zac Rinaldo and loses puck.
7:25 of 3rd period - Wrist shot by Michael Bournival.
7:25 of 3rd period - Shot Blocked by Kevin Marshall.
7:37 of 3rd period - Snap shot by Henrik Samuelsson.
7:37 of 3rd period - Stopped by John Gibson without a rebound.
7:38 of 3rd period - Henrik Samuelsson wins face-off versus Nathan Davis in Rafales zone.
8:01 of 3rd period - Juraj Mikus is hit by Brian Ferlin and loses puck.
8:23 of 3rd period - Brock Nelson is hit by Jerry D'Amigo and loses puck.
9:21 of 3rd period - Teemu Pulkkinen is hit by Cody McLeod and loses puck.
9:52 of 3rd period - Wrist shot by Jarret Stoll.
9:52 of 3rd period - Deflect By Brock Nelson.
9:52 of 3rd period - Shot Misses the Net.
9:52 of 3rd period - Puck is out of play.
9:53 of 3rd period - Kevin Veilleux wins face-off versus Juraj Mikus in Saguenéens zone.
9:54 of 3rd period - Snap shot by Cody McLeod.
9:54 of 3rd period - Shot Misses the Net.
10:02 of 3rd period - Snap shot by Juraj Mikus.
10:02 of 3rd period - Stopped by John Gibson with a rebound.
10:04 of 3rd period - Slapshot by Luke Witkowski.
10:04 of 3rd period - Deflect By Carl Hagelin.
10:04 of 3rd period - Deflect By Kevin Veilleux.
10:04 of 3rd period - Stopped by John Gibson with a rebound.
10:18 of 3rd period - Akim Aliu is hit by Craig Cunningham.
10:34 of 3rd period - Slapshot by Luke Witkowski.
10:34 of 3rd period - Deflect By Mason Raymond.
10:34 of 3rd period - Stopped by John Gibson with a rebound.
10:36 of 3rd period - Snap shot by Zac Rinaldo.
10:36 of 3rd period - Stopped by John Gibson without a rebound.
10:37 of 3rd period - Nathan Davis wins face-off versus Zac Rinaldo in Rafales zone.
10:37 of 3rd period - Nathan Davis is hit by Spencer Machacek.
10:43 of 3rd period - Wrist shot by Carl Klingberg.
10:43 of 3rd period - Stopped by Martin Jones with a rebound.
10:49 of 3rd period - Snap shot by Carl Klingberg.
10:49 of 3rd period - Stopped by Martin Jones with a rebound.
10:51 of 3rd period - Slapshot by Nicklas Jensen.
10:51 of 3rd period - Shot Blocked by Luke Witkowski.
10:53 of 3rd period - Slapshot by Matt Gilroy.
10:53 of 3rd period - Stopped by Martin Jones with a rebound.
10:55 of 3rd period - Slapshot by Carl Klingberg.
10:55 of 3rd period - Shot Blocked by Brett Lebda.
10:57 of 3rd period - Backhand shot by Nathan Davis.
10:57 of 3rd period - Stopped by Martin Jones with a rebound.
10:59 of 3rd period - Slapshot by Nicklas Jensen.
10:59 of 3rd period - Shot Misses the Net.
11:01 of 3rd period - Snap shot by Carl Klingberg.
11:01 of 3rd period - Deflect By Nicklas Jensen.
11:01 of 3rd period - Shot Blocked by Brett Lebda.
11:01 of 3rd period - Puck is out of play.
11:02 of 3rd period - Juraj Mikus wins face-off versus Kevin Veilleux in Saguenéens zone.
11:29 of 3rd period - Brock Nelson is hit by Kevin Marshall and loses puck.
11:36 of 3rd period - Slapshot by Luke Witkowski.
11:36 of 3rd period - Stopped by John Gibson with a rebound.
12:06 of 3rd period - Snap shot by Brock Nelson.
12:06 of 3rd period - Shot Blocked by Jake McCabe.
12:08 of 3rd period - Snap shot by Carl Klingberg.
12:08 of 3rd period - Stopped by Martin Jones with a rebound.
12:10 of 3rd period - Slapshot by Carl Klingberg.
12:10 of 3rd period - Shot Misses the Net.
12:12 of 3rd period - Snap shot by Nicklas Jensen.
12:12 of 3rd period - Stopped by Martin Jones without a rebound.
12:13 of 3rd period - Zac Rinaldo wins face-off versus Nathan Davis in Saguenéens zone.
12:37 of 3rd period - Icing by Matt Gilroy.
12:38 of 3rd period - Juraj Mikus wins face-off versus Kevin Veilleux in Rafales zone.
12:41 of 3rd period - Wrist shot by Carl Hagelin.
12:41 of 3rd period - Stopped by John Gibson without a rebound.
12:42 of 3rd period - Juraj Mikus wins face-off versus Kevin Veilleux in Rafales zone.
12:53 of 3rd period - Snap shot by Carl Hagelin.
12:53 of 3rd period - Deflect By Rhett Rakhshani.
12:53 of 3rd period - Shot Misses the Net.
12:53 of 3rd period - Puck is out of play.
12:54 of 3rd period - Zac Rinaldo wins face-off versus Kevin Veilleux in Rafales zone.
13:19 of 3rd period - Kevin Marshall is hit by Akim Aliu and loses puck.
13:24 of 3rd period - Wrist shot by Brock Nelson.
13:24 of 3rd period - Stopped by Martin Jones with a rebound.
13:26 of 3rd period - Wrist shot by Slater Koekkoek.
13:26 of 3rd period - Stopped by Martin Jones without a rebound.
13:27 of 3rd period - Cody McLeod wins face-off versus Spencer Machacek in Saguenéens zone.
13:40 of 3rd period - Zac Rinaldo is hit by Brian Ferlin and loses puck.
13:57 of 3rd period - Snap shot by Jarret Stoll.
13:57 of 3rd period - Shot Misses the Net.
13:59 of 3rd period - Snap shot by Jarret Stoll.
13:59 of 3rd period - Stopped by Martin Jones with a rebound.
14:01 of 3rd period - Snap shot by Akim Aliu.
14:01 of 3rd period - Deflect By Brock Nelson.
14:01 of 3rd period - Shot Blocked by Carl Hagelin.
14:01 of 3rd period - Puck is out of play.
14:02 of 3rd period - Jarret Stoll wins face-off versus Juraj Mikus in Saguenéens zone.
14:03 of 3rd period - Wrist shot by Brock Nelson.
14:03 of 3rd period - Shot Misses the Net.
14:46 of 3rd period - Snap shot by Carl Klingberg.
14:46 of 3rd period - Shot Misses the Net.
14:48 of 3rd period - Snap shot by Nicklas Jensen.
14:48 of 3rd period - Stopped by Martin Jones with a rebound.
14:50 of 3rd period - Slapshot by Dylan McIlrath.
14:50 of 3rd period - Shot Blocked by Luke Witkowski.
14:52 of 3rd period - Snap shot by Carl Klingberg.
14:52 of 3rd period - Stopped by Martin Jones with a rebound.
14:54 of 3rd period - Wrist shot by Nathan Davis.
14:54 of 3rd period - Stopped by Martin Jones with a rebound.
14:56 of 3rd period - Wrist shot by Nathan Davis.
14:56 of 3rd period - Shot Misses the Net.
15:12 of 3rd period - Luke Witkowski is hit by Michael Bournival and loses puck.
16:26 of 3rd period - Minor Penalty to James Marcou for Roughing.
16:27 of 3rd period - Jarret Stoll wins face-off versus Zac Rinaldo in Rafales zone.
17:04 of 3rd period - Slapshot by Brett Lebda.
17:04 of 3rd period - Stopped by John Gibson with a rebound.
17:36 of 3rd period - Spencer Machacek is hit by Dylan McIlrath.
18:26 of 3rd period - Penalty to James Marcou is over, James Marcou is back on ice.
18:59 of 3rd period - Slater Koekkoek is hit by Jake McCabe.
19:11 of 3rd period - Patrick Sieloff is hit by Julian Melchiori and loses puck.
19:26 of 3rd period - Cody McLeod is hit by Patrick Sieloff and loses puck.
Goals for this period are 0 for Rafales vs 1 for Saguenéens.
Shots for this period are 14 for Rafales vs 9 for Saguenéens.
Back to the Top